Map: Proxima Station LE

Players

MCanning

  • Race: Protoss Protoss
  • Spawn Location: 7:00

uThermal - Winner!

  • Race: Terran Terran
  • Spawn Location: 1:00

Event: WCS Austin 2017

VOD

Have the link to the VOD?

Description

Time

  • Played on: April 28, 2017, 3:37 p.m.
  • Length: 10:53

All games in this series

Show
View Real Time Build Order
Export as new Build Order

MCanning Protoss 

Build Orders: 1 Gate Expand, Double Forge, Colossus Rush 

Get SALT Encoding   

  12  0:00  Probe (Chrono Boost)  
  13  0:11  Probe (Chrono Boost)  
  14  0:18  Pylon  
  14  0:22  Probe (Chrono Boost)  
  15  0:36  Probe (Chrono Boost), Gateway  
  16  0:47  Probe (Chrono Boost)  
  16  0:48  Assimilator  
  17  0:57  Probe (Chrono Boost)  
  18  1:08  Probe (Chrono Boost)  
  19  1:19  Nexus  
  19  1:24  Probe (Chrono Boost)  
  20  1:32  Cybernetics Core  
  20  1:37  Probe (Chrono Boost)  
  21  1:42  Assimilator  
  21  1:47  Probe (Chrono Boost)  
  21  1:53  Pylon  
  22  1:58  Probe (Chrono Boost)  
  23  2:11  Adept  
  23  2:12  Mothership Core (Chrono Boost)  
  23  2:14  Warp Gate  
  27  2:18  Pylon  
  27  2:33  Probe (Chrono Boost)  
  27  2:34  Probe (Chrono Boost)  
  29  2:39  Robotics Facility  
  29  2:43  Probe (Chrono Boost)  
  30  2:46  Probe (Chrono Boost)  
  31  2:54  Probe (Chrono Boost)  
  31  2:56  Probe (Chrono Boost)  
  33  3:04  Probe (Chrono Boost)  
  33  3:05  Gateway  
  34  3:12  Gateway  
  34  3:16  Probe (Chrono Boost)  
  34  3:18  Probe (Chrono Boost)  
  36  3:24  Observer  
  36  3:26  Pylon  
  38  3:28  Probe (Chrono Boost)  
  38  3:31  Probe (Chrono Boost)  
  39  3:40  Probe (Chrono Boost)  
  38  3:43  Observer, Probe (Chrono Boost)  
  40  3:49  Pylon  
  40  3:52  Probe (Chrono Boost)  
  40  3:55  Probe (Chrono Boost)  
  42  3:58  Robotics Bay  
  42  4:01  Pylon  
  42  4:02  Probe (Chrono Boost)  
  43  4:05  Assimilator  
  43  4:06  Assimilator  
  43  4:10  Probe (Chrono Boost)  
  43  4:15  Probe (Chrono Boost)  
  45  4:21  Stalker x3  
  45  4:24  Probe (Chrono Boost)  
  52  4:27  Probe (Chrono Boost), Pylon  
  53  4:34  Probe (Chrono Boost)  
  53  4:37  Probe (Chrono Boost)  
  55  4:40  Colossus  
  55  4:45  Probe (Chrono Boost)  
  56  4:49  Forge, Probe (Chrono Boost)  
  63  4:53  Forge  
  63  4:54  Extended Thermal Lance  
  63  5:00  Stalker  
  63  5:04  Probe (Chrono Boost)  
  66  5:14  Pylon  
  66  5:18  Stalker  
  68  5:23  Zealot  
  68  5:24  Protoss Ground Armor Level 1, Protoss Ground Weapons Level 1  
  70  5:31  Gateway  
  70  5:35  Gateway  
  70  5:39  Colossus  
  76  5:53  Adept x2  
  79  5:58  Probe (Chrono Boost)  
  79  5:59  Stalker  
  79  6:03  Pylon  
  81  6:13  Probe (Chrono Boost), Pylon  
  81  6:17  Adept x2  
  85  6:27  Stalker  
  85  6:30  Probe (Chrono Boost), Pylon  
  85  6:32  Colossus  
  88  6:33  Stalker  
  88  6:37  Adept  
  88  6:38  Adept  
  100  6:43  Stalker  
  102  6:52  Adept  
  104  6:56  Probe (Chrono Boost)  
  104  6:57  Twilight Council  
  104  6:58  Adept  
  104  6:59  Adept  
  109  7:01  Adept  
  111  7:14  Stalker x2  
  115  7:19  Pylon  
  115  7:20  Pylon  
  115  7:21  Stalker  
  117  7:42  Protoss Ground Armor Level 2, Protoss Ground Weapons Level 2  
  95  7:46  Blink, Probe (Chrono Boost)  
  85  7:51  Probe (Chrono Boost)  
  86  7:58  Probe (Chrono Boost)  
  86  8:01  Adept x2  
  86  8:02  Nexus  
  86  8:04  Pylon  
  86  8:05  Pylon  
  91  8:07  Probe (Chrono Boost)  
  91  8:12  Disruptor  
  91  8:16  Probe (Chrono Boost)  
  95  8:20  Gateway  
  95  8:21  Gateway  
  96  8:27  Probe (Chrono Boost)  
  96  8:28  Pylon  
  96  8:32  Adept x2  
  99  8:36  Probe (Chrono Boost)  
  99  8:39  Probe (Chrono Boost)  
  101  8:47  Disruptor  
  101  8:48  Probe (Chrono Boost)  
  102  8:51  Assimilator, Probe (Chrono Boost)  
  102  8:55  Assimilator  
  106  8:59  Photon Cannon  
  106  9:00  Probe (Chrono Boost)  
  107  9:04  Photon Cannon  
  107  9:09  Probe (Chrono Boost)  
  110  9:17  Probe x2 (Chrono Boost)  
  110  9:18  Stalker x2  
  112  9:24  Adept x2  
  114  9:34  Stalker x2  
  118  9:42  Probe (Chrono Boost)  
  118  9:45  Disruptor  
  117  9:46  Adept x2  
  117  9:47  Adept  
  125  9:56  Adept x2  
  125  9:59  Adept  
  128  10:00  Adept  
  124  10:11  Adept  
  124  10:12  Adept x2  
  120  10:16  Disruptor  
  120  10:19  Adept x2  
  118  10:34  Stalker  
  118  10:35  Stalker x4  
  116  10:41  Adept x2  
Show
View Real Time Build Order
Export as new Build Order

uThermal Terran - Winner!

Build Orders: Bio Tank 

Get SALT Encoding   

  12  0:01  SCV  
  13  0:13  SCV  
  14  0:19  Supply Depot  
  14  0:26  SCV  
  15  0:40  SCV  
  15  0:42  Barracks  
  16  0:45  Refinery  
  16  0:52  SCV  
  17  1:04  SCV  
  18  1:17  SCV  
  19  1:28  Marine  
  19  1:29  Orbital Command  
  20  1:41  Command Center  
  20  1:51  Factory  
  20  1:54  SCV  
  21  2:05  Barracks Reactor  
  21  2:06  SCV  
  21  2:08  Supply Depot  
  22  2:13  Refinery  
  22  2:18  SCV  
  23  2:31  SCV  
  24  2:41  Marine x2  
  24  2:43  Starport, SCV  
  27  2:44  Widow Mine  
  29  2:54  Orbital Command  
  29  2:55  SCV  
  30  2:59  Marine x2  
  32  3:07  SCV  
  33  3:18  Widow Mine  
  33  3:19  Medivac, Marine x2, SCV  
  40  3:21  SCV  
  41  3:27  Supply Depot  
  41  3:31  SCV  
  41  3:33  SCV  
  43  3:43  SCV  
  43  3:44  Marine x2  
  46  3:48  Widow Mine  
  46  3:49  Medivac, SCV  
  46  3:53  Supply Depot  
  52  3:55  Engineering Bay, SCV  
  52  4:01  SCV  
  52  4:02  Marine  
  54  4:05  Liberator  
  54  4:07  Supply Depot  
  54  4:14  Marine, SCV x2  
  57  4:20  Factory Tech Lab  
  60  4:26  SCV x2  
  60  4:28  Supply Depot, Marine  
  63  4:32  Marine  
  63  4:36  Supply Depot  
  64  4:38  SCV x2  
  64  4:40  Siege Tank  
  64  4:41  Supply Depot  
  69  4:46  Marine  
  69  4:49  Marine  
  69  4:50  SCV  
  69  4:51  Liberator  
  69  4:52  SCV  
  73  4:57  Supply Depot  
  73  5:03  SCV  
  73  5:04  Marine, SCV  
  73  5:12  Marine  
  77  5:15  SCV  
  77  5:16  Command Center, SCV  
  77  5:20  Siege Tank  
  82  5:22  Refinery, Marine  
  82  5:24  Refinery  
  82  5:27  SCV  
  84  5:33  SCV  
  85  5:36  Barracks  
  85  5:37  Barracks  
  85  5:39  Terran Infantry Weapons Level 1, SCV  
  85  5:42  Marine  
  87  5:43  Marine  
  87  5:45  SCV  
  89  5:51  SCV  
  93  5:57  Siege Tank, SCV  
  93  5:59  Missile Turret, Marine  
  93  6:03  SCV  
  96  6:06  Supply Depot  
  96  6:07  Marine  
  96  6:10  SCV  
  96  6:11  Missile Turret  
  98  6:15  SCV  
  99  6:22  SCV  
  99  6:24  Barracks x2, Barracks Tech Lab x2  
  100  6:27  SCV  
  100  6:31  Siege Tank  
  104  6:33  Starport Reactor  
  104  6:34  Marine  
  104  6:36  Marine  
  106  6:42  Combat Shields  
  106  6:43  Stimpack  
  106  6:45  SCV  
  106  6:47  SCV  
  108  6:48  Marine  
  108  6:53  Marine x2  
  111  6:57  Orbital Command  
  111  7:01  Marine, SCV x2  
  112  7:06  Siege Tank  
  117  7:12  Barracks Tech Lab  
  117  7:13  Supply Depot x2, Barracks Reactor  
  117  7:14  SCV  
  117  7:15  Marine  
  119  7:17  Marine  
  119  7:19  SCV  
  119  7:21  Missile Turret  
  121  7:23  Marine  
  121  7:25  Marine  
  121  7:29  Supply Depot  
  123  7:31  Medivac  
  123  7:33  Terran Infantry Armor Level 1  
  123  7:34  Marine  
  123  7:35  Medivac  
  127  7:41  SCV  
  127  7:44  Marauder x2, Marine x2  
  109  7:46  Siege Tank  
  109  7:49  Refinery x2, Marine  
  109  7:50  Bunker  
  109  7:51  Marine  
  106  7:57  Marine  
  106  8:00  Concussive Shells  
  106  8:01  Medivac  
  106  8:02  Marauder, Marine  
  110  8:05  Supply Depot  
  110  8:06  Marauder x2  
  110  8:11  Marine x2  
  110  8:16  Factory  
  110  8:18  Siege Tank  
  113  8:20  Marine  
  113  8:22  Supply Depot  
  113  8:24  Marauder  
  116  8:27  Marauder x2  
  116  8:29  Marine x2  
  116  8:32  Medivac  
  124  8:39  Barracks, Medivac  
  124  8:40  Barracks, Marine x2  
  128  8:41  Barracks  
  128  8:45  Marauder  
  128  8:48  Supply Depot  
  130  8:49  Marauder, Marine  
  130  8:50  Siege Tank, Marine  
  130  8:51  Marine  
  138  8:58  Marine  
  138  9:01  Armory  
  138  9:02  Factory Tech Lab, Engineering Bay, Marine  
  139  9:06  Marine  
  139  9:07  Medivac  
  139  9:09  Medivac  
  145  9:13  Marine  
  145  9:14  Marauder  
  145  9:15  Marine  
  149  9:18  Marine  
  149  9:19  Marauder  
  149  9:23  Siege Tank  
  149  9:24  Marine  
  156  9:31  Barracks Tech Lab x2  
  156  9:32  Marine  
  159  9:39  Marine x2, Siege Tank  
  159  9:42  Supply Depot  
  159  9:43  Supply Depot  
  161  9:47  Marauder, Marine x2  
  161  9:48  Marine  
  165  9:58  Marine  
  165  9:59  Siege Tank, Marauder, Marine  
  171  10:04  Marauder  
  170  10:10  Marine x2  
  170  10:11  Siege Tank  
  170  10:13  Marauder, Marine  
  175  10:18  Marine  
  175  10:19  Marauder  
  176  10:22  Marauder, Marine  
  179  10:28  Command Center  
  179  10:31  Supply Depot  
Tags
 
Add a new tag
Caveats
  • Supply blocks, unpowered buildings, or Contaminate may cause inaccurate times.
  • Supply counts are checked every 10 seconds.